 Dungeon Crawl Stone Soup version 0.27-a0-1200-g94dc6ad4cf (webtiles) character file.

Game seed: 3288996567881149669

712 jvsr the Digger (level 7, -9/36 HPs)
             Began as a Gargoyle Earth Elementalist on June 1, 2021.
             Killed from afar by an acid dragon (15 damage)
             ... with a splash of acid
             ... on level 5 of the Dungeon.
             The game lasted 00:06:45 (4065 turns).

jvsr the Digger (Gargoyle Earth Elementalist)       Turns: 4065, Time: 00:06:45

Health: -9/36      AC:  9    Str: 12    XL:     7   Next: 68%
Magic:  9/14       EV: 11    Int: 17    God:
Gold:   149        SH:  0    Dex: 10    Spells: 11/15 levels left

rFire    . . .     SeeInvis .   i - +2 dagger (speed)
rCold    . . .     Faith    .   (no shield)
rNeg     + . .     Spirit   .   c - +1 robe
rPois    ∞         Reflect  .   o - +2 hat
rElec    +         Harm     .   (no cloak)
rCorr    .         Rampage  .   (no gloves)
Will     .....                  (no boots)
Stlth    ++........             (no amulet)
HPRegen  0.12/turn              (no ring)
MPRegen  0.14/turn              (no ring)

@: hasted, very quick
A: sickness immunity, AC +4, negative energy resistance 1, electricity
resistance, torment resistance 1, petrification resistance
a: no special abilities


You were on level 5 of the Dungeon.
You visited 1 branch of the dungeon, and saw 5 of its levels.

You collected 149 gold pieces.

Inventory:

Hand Weapons
 a - a +0 short sword
 i - a +2 dagger of speed (weapon)
 k - a +0 flail
Missiles
 b - 170 stones
 e - 2 curare-tipped darts
Armour
 c - a +1 robe (worn)
 o - a +2 hat (worn)
Wands
 j - a wand of iceblast (5)
 q - a wand of charming (9)
Scrolls
 f - a scroll of identify
 h - 2 scrolls of fear
 n - 3 scrolls of teleportation
Potions
 d - 3 potions of flight
 m - a potion of resistance
 p - a potion of attraction


   Skills:
 - Level 1.5 Dodging
 - Level 2.1 Stealth
 + Level 4.8 Spellcasting
 + Level 4.6 Conjurations
 - Level 0.7 Transmutations
 + Level 6.9 Earth Magic


You had 11 spell levels left.
You knew the following spells:

 Your Spells              Type           Power      Damage    Failure   Level
a - Sandblast             Erth           54%        2d13      1%          1
b - Stone Arrow           Conj/Erth      46%        3d9       4%          3

Your spell library contained the following spells:

 Spells                   Type           Power      Damage    Failure   Level
 Passwall                 Tmut/Erth      14%        N/A       4%          2
 Shock                    Conj/Air       44%        1d5       5%          1
 Static Discharge         Conj/Air       11%        N/A       9%          2
 Lee's Rapid Deconstruct  Erth           13%        3d10*     24%         5
 Petrify                  Tmut/Erth      17%        N/A       30%         4
 Swiftness                Air            4%         N/A       41%         3
 Airstrike                Air            2%         N/A       82%         4
 Lightning Bolt           Conj/Air       5%         1d17      83%         5


Dungeon Overview and Level Annotations

Branches:
Dungeon (5/15)
 Temple: D:4-7

Altars:
Ashenzari

Shops:
D:2 (


Innate Abilities, Weirdness & Mutations

You are immune to sickness and miasma.
Your stone body is resilient. (AC +4)
You are immune to poison.
You resist negative energy. (rN+)
You are resistant to electric shocks. (rElec)
You are resistant to unholy torment.
You are immune to petrification.


Message History

The blast of sand hits the centaur!
The centaur is severely wounded.
The acid dragon roars!
Unknown command.
Casting: Sandblast (safe; 1% risk of failure)
Confirm with . or Enter, or press ? or * to list all spells.
Aiming: Sandblast (safe; 1% risk of failure)
Press: ? - help, Shift-Dir - straight line, f/p - ogre
Aim: an ogre, wielding a +0 giant club (severely wounded, 91% to hit)
The blast of sand hits the centaur!
You kill the centaur!
Unknown command.
Found an escape hatch in the ceiling.
There is an escape hatch in the ceiling here.
Casting: Sandblast (safe; 1% risk of failure)
Confirm with . or Enter, or press ? or * to list all spells.
You don't know that spell.
Unknown command.
Unknown command.
Casting: Sandblast (safe; 1% risk of failure)
Confirm with . or Enter, or press ? or * to list all spells.
You can't see any susceptible monsters within range! (Use Z to cast anyway.) Unknown command.
Unknown command.
Casting: Sandblast (safe; 1% risk of failure)
Confirm with . or Enter, or press ? or * to list all spells.
You can't see any susceptible monsters within range! (Use Z to cast anyway.) Unknown command.
Unknown command.
Casting: Sandblast (safe; 1% risk of failure)
Confirm with . or Enter, or press ? or * to list all spells.
Aiming: Sandblast (safe; 1% risk of failure)
Press: ? - help, Shift-Dir - straight line, f/p - ogre
Aim: an ogre, wielding a +0 giant club (severely wounded, 91% to hit)
The blast of sand hits the ogre!
You kill the ogre!
Unknown command.
The acid dragon spits acid at you. The splash of acid hits you!
You die...

#. #.#
#.###.###.# ...
#.<.......#.....
#####$#####.##.#
# #D# #.##.###.
#.# #.##.... #O#
#.#...## #.#
#......#
#D#####.#..@##.#
#.....D.)......#
######.....#####
#####.# #.# #.#
#.# #.# .#


You could see an acid dragon (catching breath).

Vanquished Creatures
  2 water moccasins (D:5)
  A sky beast (D:4)
  An ogre (D:5)
  A centaur (D:5)
  An iguana (D:4)
  A scorpion zombie (D:5)
  A hound skeleton (D:4)
  Robin (D:3)
  4 gnolls
  4 adders
  An adder skeleton (D:4)
  3 dart slugs
  9 endoplasms
  5 giant cockroaches
  14 goblins
  7 hobgoblins
  8 jackals
  5 quokkas
  10 ball pythons
  2 bats (D:1)
  3 frilled lizards
  4 kobolds
  5 rats
93 creatures vanquished.

Notes
Turn   | Place    | Note
-------+----------+-------------------------------------------
     0 | D:1      | jvsr the Gargoyle Earth Elementalist began the quest for
                  | the Orb.
     0 | D:1      | Reached XP level 1. HP: 10/10 MP: 3/3
   282 | D:1      | Reached XP level 2. HP: 15/15 MP: 5/5
   293 | D:1      | Reached skill level 4 in Earth Magic
   455 | D:1      | Reached XP level 3. HP: 19/19 MP: 6/6
   459 | D:1      | Learned a level 3 spell: Stone Arrow
  1439 | D:2      | Reached skill level 1 in Conjurations
  1503 | D:2      | Reached XP level 4. HP: 24/24 MP: 6/8
  1961 | D:2      | Found Onext's Weapon Shop.
  2076 | D:2      | Found a faded altar of an unknown god.
  2574 | D:3      | Noticed Robin
  2583 | D:3      | Killed Robin
  2584 | D:3      | Reached skill level 5 in Earth Magic
  2616 | D:3      | Reached XP level 5. HP: 14/28 MP: 1/9
  3395 | D:4      | Noticed a sky beast
  3404 | D:4      | Killed a sky beast
  3405 | D:4      | Reached XP level 6. HP: 30/32 MP: 0/11
  3917 | D:4      | Found a broken altar of Ashenzari.
  3951 | D:5      | Entered Level 5 of the Dungeon
  4025 | D:5      | Noticed a water moccasin
  4028 | D:5      | Killed a water moccasin
  4029 | D:5      | Reached skill level 6 in Earth Magic
  4029 | D:5      | Reached XP level 7. HP: 26/36 MP: 9/13
  4065 | D:5      | Killed from afar by an acid dragon

Illustrated notes

Levels and vault maps discovered:
D:1:      amcnicky_arrival_blooded_trapdoor, layout_loops_ring,
          minmay_misc_feat_doors
D:2:      layout_rooms, serial_shops, shop, chequers_ecumenical_altar_lobes,
          serial_co_window_serial, co_window_corner_a, co_window_corner_a,
          co_window_of_opportunity_a, co_window_paths_b, co_window_paths_b,
          co_window_corner_a, co_window_of_opportunity_a, co_window_corner_cb,
          co_window_corner_ca, co_window_corner_cb, co_window_paths_c,
          glass_columns_a
D:3:      layout_loops_ring, minmay_unequal, uniq_robin
D:4:      layout_rooms, lemuel_round_altar, kennysheep_crisscross,
          kennysheep_generic_room_8
D:5:      layout_loops_corners, minmay_temple_entry_butterflies,
          minmay_misc_feat_square, uniq_grinder, uniq_eustachio, uniq_sigmund

Skill      XL: |  1  2  3  4  5  6  7 |
---------------+----------------------+-----
Earth Magic    | 4 5 6 |  6.9
Conjurations   | 1 3 4 |  4.6
Spellcasting   | 3 4 |  4.8
Dodging        | |  1.5
Stealth        | |  2.1
Transmutations | |  0.7

Action                   |  1- 3 |  4- 6 |  7- 9 || total
-------------------------+-------+-------+-------++-------
Melee: Short sword       |    40 |       |       ||    40
       Dagger            |    90 |   180 |     1 ||   271
 Cast: Sandblast         |     7 |    28 |     9 ||    44
       Stone Arrow       |       |     1 |       ||     1
  Use: Scroll            |       |    14 |       ||    14
       Potion            |       |       |     2 ||     2
 Stab: Sleeping          |     4 |     9 |       ||    13
Armor: Robe              |    33 |    51 |     1 ||    85
Dodge: Dodged            |    70 |    62 |     7 ||   139

Table legend: (Time is in decaauts)
 A = Elapsed time spent in this place.
 B = Non-inter-level travel time spent in this place.
 C = Inter-level travel time spent in this place.
 D = Time resting spent in this place.
 E = Time spent auto-exploring this place.
 F = Levels seen in this place.
 G = Mean time per level.
                   A        B        C        D        E       F      G
               +--------+--------+--------+--------+--------+-----+--------+
         Total |   3969 |   3888 |     81 |     23 |   3183 |   5 |  793.8 |
       Dungeon |   3969 |   3888 |     81 |     23 |   3183 |   5 |  793.8 |
               +--------+--------+--------+--------+--------+-----+--------+

Top non-repeatable levels by time:
     D:1: 1134 daAuts
     D:2: 1123 daAuts
     D:3: 897 daAuts
     D:4: 712 daAuts
     D:5: 102 daAuts
